 Dungeon Sprint DCSS version bcrawl-1.27.1d (webtiles) character file.

Game seed: 2312122455389771590

3500000 Freyura the Conqueror (level 25, -180/304 HPs)
             Began as a Demonspawn Abyssal Knight on July 27, 2020.
             Was a High Priest of Lugonu.
             Annihilated by a destroyer
             ... wielding a +9 great sword of slicing
              (212 damage)
             ... in the Dungeon (Sprint VIII: "Arena of Blood").
             The game lasted 00:04:13 (35 turns).

Freyura the Conqueror (Demonspawn Abyssal Knight)     Turns: 35, Time: 00:04:13

Health: -180/304   AC: 10    Str: 13    XL:     25   Next: 38%
Magic:  26/54      EV: 35    Int: 16    God:    Lugonu [*****.]
Gold:   0          SH:  0    Dex: 22    Spells: 78/78 levels left

rFire    . . .     SeeInvis .   l - +∞ Axe of Woe
rCold    . . .     Gourm    .   (shield currently unavailable)
rNeg     . . .     Faith    .   b - +0 leather armour
rPois    .         Spirit   .   (no helmet)
rElec    +         Reflect  .   (no cloak)
rCorr    .         Harm     .   (no gloves)
MR       +....     NoTele   +   (boots unavailable)
Stlth    +++++++++.             (no amulet)
HPRegen  11.60/turn             n - +30 ring of slaying
MPRegen  0.34/turn              m - +30 ring of slaying

@: no status effects
A: hooves 3, thin metallic scales 3, demonic guardian 2, powered by death 2,
robust 3
a: Bend Space, Banish, Corrupt, Renounce Religion


You were in the Dungeon.
You worshipped Lugonu.
Lugonu was extremely pleased with you.
You were not hungry.

You visited 1 branch

Inventory:

Hand Weapons
 a - a +1 hand axe
 l - the +∞ Axe of Woe (weapon)
   (You found it in the Dungeon)
Missiles
 c - 10 tomahawks of dispersal {=f}
 d - 40 stones (quivered)
Armour
 b - a +0 leather armour (worn)
 o - a scarf of resistance
Jewellery
 m - a +30 ring of slaying (right hand)
 n - a +30 ring of slaying (left hand)
Scrolls
 k - a scroll of blinking
Potions
 f - a potion of curing
 g - a potion of heal wounds
 h - a potion of haste
 i - a potion of magic
 j - a potion of berserk rage
Comestibles
 e - a ration {!d}


   Skills:
 O Level 27 Fighting
 O Level 27 Axes
 O Level 27 Throwing
 O Level 27 Armour
 O Level 27 Dodging
 O Level 27 Stealth
 O Level 27 Unarmed Combat
 O Level 27 Spellcasting
 O Level 27 Invocations


You had 78 spell levels left.
You didn't know any spells.
Your spell library was empty.

Dungeon Overview and Level Annotations

Branches:
Dungeon (1/1)

Altars:
Makhleb

Annotations:
D corrupted, The Servant


Innate Abilities, Weirdness & Mutations

You have hooves in place of feet.
You are completely covered in thin metallic scales. (AC +4, rElec)
A demonic guardian rushes to your aid.
You regenerate health from kills.
You are extremely robust. (+30% HP)


Message History

The destroyer blinks! x2
Harold the Weathered comes into view.
He is wielding a +9 glaive of flaming.
You hear a shout!
The eight-headed meat hydra calls on the powers of darkness!
The eight-headed meat hydra convulses!
The bag of meat convulses!
Your body is wracked with pain!
* * * LOW HITPOINT WARNING * * *
No path to travel!
Lugonu's Hand of Corruption reaches out!
A bag of meat comes into view. It is wielding a +9 war axe.
You are engulfed in blazing flames.
* * * LOW HITPOINT WARNING * * *
You hear a shout!
The bag of meat is engulfed in blazing flames.
A bag of meat comes into view. It is wielding a +9 war axe.
The destroyer blinks!
The destroyer is engulfed in blazing flames.
The destroyer hits you with a +9 great sword of slicing!!!!!
Ouch! That really hurt!
You die...

....._.........
#....§#...... .
#_.<._#.....V
.#.#.#...#......
......._..)......
......#.#)).....o
.###...#§§§###o4.
......§###..# .
#...#§@V.#
...x.xo#§LX.V.%
..X§..§.§VxX.#.
....%X...#x.X..
.....%...%#....
#...Xxo§.......
.......o...D.##
#@#...........


You could see The Servant, 3 destroyers, 4 bags of meat, 4 neutral starcursed
masses, a neutral ancient lich, a neutral orange demon, 2 neutral large
abominations, a neutral worldbinder and 4 neutral small abominations.

Vanquished Creatures
  5 vampire knights (D)
  10 ogres (D)
  5 two-headed ogres (D)
  21 orcs (D)
41 creatures vanquished.

Notes
Turn   | Place    | Note
-------+----------+-------------------------------------------
     0 | D        | Found the +∞ Axe of Woe
     0 | D        | Freyura the Demonspawn Abyssal Knight began the quest for
                  | the Orb.
     0 | D        | Reached XP level 1. HP: 18/18 MP: 2/2
     2 | D        | Noticed a bag of meat
     3 | D        | Noticed a bag of meat
     3 | D        | Noticed a bag of meat
     4 | D        | Noticed a meat berserker
     5 | D        | Killed a bag of meat
     5 | D        | Reached skill level 15 in Fighting
     5 | D        | Reached skill level 10 in Armour
     5 | D        | Reached skill level 10 in Dodging
     5 | D        | Gained mutation: A weak demonic guardian rushes to your
                  | aid. [demonic ancestry]
     5 | D        | Reached XP level 2. HP: 44/44 MP: 2/10
     5 | D        | Reached XP level 3. HP: 50/50 MP: 2/11
     5 | D        | Gained mutation: You have large cloven feet. [demonic
                  | ancestry]
     5 | D        | Reached XP level 4. HP: 57/57 MP: 2/13
     5 | D        | Gained mutation: You have hoof-like feet. [demonic
                  | ancestry]
     5 | D        | Reached XP level 5. HP: 63/63 MP: 2/14
     5 | D        | Gained mutation: You regenerate a little health from kills.
                  | [demonic ancestry]
     5 | D        | Reached XP level 6. HP: 70/70 MP: 2/16
     5 | D        | Reached XP level 7. HP: 76/76 MP: 2/17
     5 | D        | Gained mutation: You are partially covered in thin metallic
                  | scales. (AC +2) [demonic ancestry]
     5 | D        | Reached XP level 8. HP: 83/83 MP: 2/18
     5 | D        | Reached XP level 9. HP: 90/90 MP: 2/19
     5 | D        | Reached XP level 10. HP: 97/97 MP: 2/20
     5 | D        | Gained mutation: You are mostly covered in thin metallic
                  | scales. (AC +3) [demonic ancestry]
     5 | D        | Reached XP level 11. HP: 103/103 MP: 2/21
     6 | D        | Killed a bag of meat
     6 | D        | Reached ** piety under Lugonu
     6 | D        | Gained mutation: You are completely covered in thin
                  | metallic scales. (AC +4, rElec) [demonic ancestry]
     6 | D        | Reached XP level 12. HP: 116/116 MP: 2/24
     6 | D        | Noticed a meat berserker
     7 | D        | Killed a meat berserker
     7 | D        | Gained mutation: You are robust. (+10% HP) [demonic
                  | ancestry]
     7 | D        | Reached XP level 13. HP: 122/140 MP: 2/26
     7 | D        | Reached XP level 14. HP: 130/149 MP: 2/27
     7 | D        | Killed a bag of meat
     7 | D        | Reached skill level 15 in Armour
     7 | D        | Noticed a bag of meat
     8 | D        | Noticed a bag of meat
     8 | D        | Noticed a bag of meat
     8 | D        | Noticed a bag of meat
     8 | D        | Noticed a bag of meat
    11 | D        | Killed a meat berserker
    11 | D        | Reached *** piety under Lugonu
    11 | D        | Reached XP level 15. HP: 153/163 MP: 3/29
    12 | D        | Noticed a meat berserker
    14 | D        | Noticed a meat berserker
    14 | D        | Noticed a meat berserker
    15 | D        | Reached XP level 16. HP: 162/177 MP: 3/31
    15 | D        | Reached **** piety under Lugonu
    16 | D        | Noticed a meat berserker
    17 | D        | Received a gift from Lugonu
    17 | D        | Gained mutation: You have hooves in place of feet. [demonic
                  | ancestry]
    17 | D        | Reached XP level 17. HP: 150/190 MP: 4/33
    17 | D        | Killed a meat berserker
    17 | D        | Reached skill level 27 in Fighting
    18 | D        | Received a gift from Lugonu
    18 | D        | Reached skill level 27 in Axes
    18 | D        | Reached skill level 27 in Invocations
    18 | D        | Noticed a meat berserker
    19 | D        | Noticed a large bag of meat
    19 | D        | Noticed a meat berserker
    19 | D        | Noticed a meat berserker
    20 | D        | Killed a meat berserker
    20 | D        | Reached XP level 18. HP: 171/200 MP: 4/35
    20 | D        | Reached ***** piety under Lugonu
    20 | D        | Noticed a meat berserker
    20 | D        | Noticed a destroyer
    21 | D        | Noticed a large bag of meat
    22 | D        | Reached skill level 27 in Armour
    22 | D        | Reached skill level 27 in Dodging
    22 | D        | Gained mutation: You are very robust. (+20% HP) [demonic
                  | ancestry]
    22 | D        | Reached XP level 19. HP: 181/226 MP: 5/36
    22 | D        | Killed a meat berserker
    23 | D        | Killed a meat berserker
    23 | D        | Noticed a destroyer
    23 | D        | Noticed a large bag of meat
    23 | D        | Noticed a large bag of meat
    24 | D        | Killed a meat berserker
    24 | D        | Reached XP level 20. HP: 198/236 MP: 5/45
    25 | D        | Killed a meat berserker
    25 | D        | Killed a meat berserker
    25 | D        | Received a gift from Lugonu
    25 | D        | Reached skill level 27 in Unarmed Combat
    25 | D        | Reached skill level 27 in Spellcasting
    25 | D        | Reached skill level 5 in Stealth
    25 | D        | Gained mutation: You regenerate health from kills. [demonic
                  | ancestry]
    25 | D        | Reached XP level 21. HP: 210/244 MP: 5/52
    25 | D        | Reached skill level 15 in Stealth
    26 | D        | Killed a destroyer
    26 | D        | Noticed a destroyer
    28 | D        | Noticed a destroyer
    28 | D        | Killed a destroyer
    28 | D        | Reached XP level 22. HP: 240/254 MP: 31/53
    28 | D        | Noticed a large bag of meat
    28 | D        | Noticed a destroyer
    29 | D        | Reached skill level 27 in Stealth
    30 | D        | Killed a large bag of meat
    30 | D        | Reached skill level 27 in Throwing
    30 | D        | Killed a large bag of meat
    30 | D        | Gained mutation: A demonic guardian rushes to your aid.
                  | [demonic ancestry]
    30 | D        | Reached XP level 23. HP: 204/262 MP: 32/54
    31 | D        | Killed a large bag of meat
    31 | D        | Noticed a destroyer
    32 | D        | Killed a destroyer
    32 | D        | Received a gift from Lugonu
    32 | D        | Noticed a destroyer
    33 | D        | Killed a destroyer
    33 | D        | Reached XP level 24. HP: 168/272 MP: 32/54
    34 | D        | Noticed a destroyer
    34 | D        | Killed a large bag of meat
    34 | D        | Killed a destroyer
    34 | D        | Gained mutation: You are extremely robust. (+30% HP)
                  | [demonic ancestry]
    34 | D        | Reached XP level 25. HP: 123/304 MP: 33/54
    34 | D        | Killed a large bag of meat
    34 | D        | Noticed The Servant
    35 | D        | Corrupted D
    35 | D        | Noticed an ancient lich
    35 | D        | Annihilated by a destroyer

Skill      XL: |  1  2  3  4  5  6  7  8  9 10 11 12 13 14 15 16 17 18 19 20 21 22 |
---------------+-------------------------------------------------------------------+-----
Fighting       | 15 17 20 23 24 26 27 | 27.0
Axes           | 14 16 19 21 23 25 27 | 27.0
Armour         | 10 12 14 16 17 19 24 27 | 27.0
Dodging        | 10 12 14 16 17 19 24 27 | 27.0
Invocations    | 14 16 19 21 23 25 27 | 27.0
Unarmed Combat | 3 21 27 | 27.0
Spellcasting   | 3 21 27 | 27.0
Throwing       | 4 23 27 | 27.0
Stealth        | 5 25 27 | 27.0

Action                   |  1- 3 |  4- 6 |  7- 9 | 10-12 | 13-15 | 16-18 | 19-21 | 22-24 | 25-27 || total
-------------------------+-------+-------+-------+-------+-------+-------+-------+-------+-------++-------
Melee: Executioner's axe |     1 |       |       |     2 |     3 |     4 |     5 |     6 |       ||    21
Invok: Corrupt           |       |       |       |       |       |       |       |       |     1 ||     1
  Use: Potion            |       |       |       |       |       |       |     1 |       |       ||     1
